Map: Para Site LE

Players

Smileblind - Winner!

  • Race: Protoss Protoss
  • League: Silver
  • Spawn Location: 5:00

GrosMalin

  • Race: Zerg Zerg
  • League: Silver
  • Spawn Location: 11:00

VOD

Have the link to the VOD?

Description

Time

  • Played on: Jan. 16, 2019, 8:23 p.m.
  • Length: 15:48
Show
View Real Time Build Order
Export as new Build Order

Smileblind Protoss - Winner!

Build Orders:  

Get SALT Encoding   

  12  0:15  Probe  
  12  0:19  Pylon  
  13  0:27  Probe  
  14  0:41  Forge  
  14  0:43  Probe  
  15  0:55  Probe  
  16  1:00  Pylon  
  16  1:14  Probe  
  17  1:22  Photon Cannon  
  17  1:26  Probe  
  18  1:36  Pylon  
  18  1:38  Probe  
  19  1:46  Pylon  
  18  2:05  Photon Cannon  
  18  2:09  Pylon  
  18  2:10  Pylon  
  18  2:24  Photon Cannon  
  18  2:29  Photon Cannon  
  18  2:34  Pylon  
  18  2:47  Pylon  
  18  3:02  Photon Cannon  
  18  3:07  Photon Cannon  
  18  3:10  Photon Cannon  
  18  3:14  Pylon  
  18  3:19  Photon Cannon  
  18  3:31  Pylon  
  17  4:24  Pylon  
  17  4:27  Photon Cannon  
  17  4:44  Gateway  
  17  4:51  Photon Cannon  
  17  4:52  Photon Cannon  
  17  5:01  Pylon  
  17  5:25  Photon Cannon  
  17  5:40  Photon Cannon  
  17  5:58  Pylon, Zealot  
  19  6:25  Zealot  
  21  6:33  Pylon  
  21  6:37  Pylon  
  19  6:52  Zealot  
  21  6:59  Photon Cannon  
  19  7:02  Photon Cannon  
  18  7:20  Zealot  
  18  7:47  Zealot  
  18  8:14  Zealot  
  20  8:25  Nexus, Photon Cannon  
  18  8:36  Photon Cannon  
  18  8:41  Zealot  
  19  8:47  Pylon  
  17  9:03  Zealot  
  17  9:09  Photon Cannon  
  18  9:21  Cybernetics Core  
  18  9:25  Zealot  
  18  9:27  Photon Cannon  
  18  9:28  Photon Cannon  
  18  9:39  Pylon  
  18  9:43  Probe  
  17  9:52  Zealot  
  19  9:55  Probe  
  20  10:07  Probe  
  20  10:11  Photon Cannon  
  20  10:13  Photon Cannon  
  20  10:19  Probe  
  9  10:36  Zealot  
  10  11:02  Zealot  
  12  11:14  Probe  
  13  11:20  Zealot  
  13  11:29  Probe  
  16  11:39  Probe  
  17  11:47  Probe, Zealot  
  20  12:25  Pylon  
  13  12:47  Zealot  
  11  13:14  Zealot  
  11  13:19  Photon Cannon  
  13  13:23  Probe  
  13  13:38  Assimilator  
  13  13:42  Zealot  
  15  13:49  Probe  
  16  13:58  Probe  
  17  14:06  Probe  
  18  14:25  Stalker  
  20  14:32  Probe  
  21  14:49  Assimilator  
  21  14:52  Probe  
  22  15:11  Stalker  
  24  15:44  Twilight Council  
Show
View Real Time Build Order
Export as new Build Order

GrosMalin Zerg 

Build Orders: Pool Only 

Get SALT Encoding   

  12  0:02  Drone  
  13  0:10  Drone  
  14  0:26  Spawning Pool  
  13  0:30  Drone  
  14  0:39  Overlord  
  14  0:58  Drone x2  
  14  0:59  Drone  
  17  1:13  Queen  
  19  1:19  Roach Warren  
  18  1:26  Zergling x4  
  21  1:40  Zergling x2  
  19  2:04  Zergling x4  
  20  2:21  Extractor  
  19  2:25  Drone x2, Extractor  
  20  2:52  Spine Crawler  
  20  2:55  Spine Crawler  
  18  2:58  Spine Crawler  
  15  3:10  Roach x3  
  21  3:18  Overlord  
  18  4:03  Zergling x6  
  19  4:12  Queen  
  21  4:22  Roach Warren  
  11  4:42  Drone x3  
  14  5:03  Roach  
  14  5:06  Roach  
  16  5:36  Ravager  
  16  5:39  Roach x4  
  21  6:28  Ravager  
  21  6:29  Ravager  
  21  6:31  Ravager  
  24  6:35  Roach x3  
  30  6:44  Spawning Pool  
  20  7:03  Ravager  
  20  7:04  Ravager x2  
  23  7:20  Roach x2  
  23  7:21  Roach  
  27  7:57  Burrow  
  19  8:08  Roach  
  21  8:24  Drone x3  
  22  8:34  Ravager  
  19  9:17  Roach x3  
  20  9:48  Spine Crawler x2  
  20  9:51  Ravager  
  20  9:52  Spine Crawler  
  10  10:22  Spine Crawler  
  10  10:24  Spine Crawler  
  10  10:25  Spine Crawler  
  10  10:28  Spine Crawler  
  5  10:49  Spine Crawler, Queen  
  4  10:50  Spine Crawler  
  5  11:25  Queen  
  7  11:37  Drone x3  
  10  12:06  Queen  
  7  12:52  Lair  
  7  13:08  Drone x3  
  8  15:03  Zergling x6  
Tags
 
Matchup
PvZ
Opening
Pool Only
Spawn Locations
Cross Positions
Add a new tag
Caveats
  • Supply blocks, unpowered buildings, or Contaminate may cause inaccurate times.
  • Supply counts are checked every 10 seconds.